 Dungeon Crawl Stone Soup version 0.28.0-43-g3370ac3207 (webtiles) character file.

Game seed: 13601122736171396622

7 adizb the Skirmisher (level 1, -2/18 HPs)
             Began as a Demonspawn Monk on Mar 8, 2022.
             Slain by a hobgoblin (5 damage)
             ... on level 1 of the Dungeon.
             The game lasted 00:01:58 (181 turns).

adizb the Skirmisher (Demonspawn Monk)               Turns: 181, Time: 00:01:59

Health: -2/18      AC:  2    Str: 11    XL:     1   Next: 83%
Magic:  1/1        EV: 12    Int: 11    God:
Gold:   37         SH:  5    Dex: 15    Spells: 0/0 levels left

rFire   . . .      SeeInvis .   a - +0 mace
rCold   . . .      Faith    .   (no shield)
rNeg    . . .      Spirit   .   b - +0 robe
rPois   .          Reflect  +   (no helmet)
rElec   .          Harm     .   (no cloak)
rCorr   .          Rampage  .   (no gloves)
Will    .....                   (no boots)
Stlth   ++........              e - amulet of reflection
HPRegen 0.06/turn               (no ring)
MPRegen 0.07/turn               (no ring)

@: no status effects
A: no striking features
a: no special abilities


You were on level 1 of the Dungeon.
You visited 1 branch of the dungeon, and saw 1 of its levels.

You collected 37 gold pieces.

Inventory:

Hand Weapons
 a - a +0 mace (weapon)
Armour
 b - a +0 robe (worn)
Magical Staves
 f - a staff of poison
Jewellery
 e - an amulet of reflection (around neck)
Scrolls
 c - a scroll of identify {unknown}
 g - a scroll of fog {unknown}
Potions
 d - a potion of mutation {unknown}
 h - 2 potions of haste {unknown}


   Skills:
 * Level 3.2 Fighting
 - Level 2.6 Maces & Flails
 * Level 0.8 Armour
 - Level 2.6 Dodging
 - Level 1.7 Stealth


You couldn't memorise any spells.
You didn't know any spells.
Your spell library contained the following spells:

 Spells                   Type           Power      Damage    Failure   Level
 Portal Projectile        Hex/Tloc       0%         N/A       71%         3
 Blade Hands              Tmut           0%         N/A       100%        5
 Excruciating Wounds      Necr           0%         N/A       100%        5


Dungeon Overview and Level Annotations

Branches:
Dungeon (1/15)

Altars:

Shops:
D:1 (*


Message History

You see here a staff of poison.
f - a staff of poison You see here a +0 club.
Found 5 gold pieces.
Found an escape hatch in the floor.
Found a scroll labelled NOPRUASEINIY.
You now have 33 gold pieces (gained 5).
g - a scroll labelled NOPRUASEINIY An endoplasm comes into view.
Found 16 stones and 2 golden potions.
Found Keuwn's General Store.
The helpless endoplasm fails to defend itself.
You hit the endoplasm.
The endoplasm is heavily wounded.
The endoplasm freezes you.
You are frozen.
The endoplasm freezes you.
You are frozen.
You hit the endoplasm.
You kill the endoplasm!
Found 4 gold pieces.
h - 2 golden potions
There is an entrance to Keuwn's General Store here.
You can access your shopping list by pressing '$'.
You now have enough gold to buy a potion of curing on this level, or buy a scroll of teleportation on this level.
You can access your shopping list by pressing '$'.
You now have 37 gold pieces (gained 4).
A hobgoblin comes into view.
The hobgoblin shouts!
The hobgoblin closely misses you.
You hit the hobgoblin but do no damage. The hobgoblin hits you.
* * * LOW HITPOINT WARNING * * *
You barely miss the hobgoblin. The hobgoblin hits you.
* * * LOW HITPOINT WARNING * * *
Okay, then.
Found a robe.
You see here 16 stones.
You hit the hobgoblin.
The hobgoblin is almost dead.
The hobgoblin hits you.
You die...

#.....##
##>....##
#.##...#
#.##...## #####
#####...# #[..#
#.#.## ##...#
#....# #....#
###..######....#
#......∩g@#.##
#....#..###.#
####.#.## #.#
#...####.#
#.#....#.##
#.####....# ...
###..# ###. ##.#
...


You could see a hobgoblin.

Vanquished Creatures
  2 endoplasms (D:1)
  A goblin (D:1)
  A kobold (D:1)
  A quokka (D:1)
5 creatures vanquished.

Notes
Turn   | Place    | Note
-------+----------+-------------------------------------------
     0 | D:1      | adizb the Demonspawn Monk began the quest for the Orb.
     0 | D:1      | Reached XP level 1. HP: 18/18 MP: 1/1
    21 | D:1      | Found Feclus's Weapon Shop.
   137 | D:1      | Found Keuwn's General Store.
   181 | D:1      | Slain by a hobgoblin

Illustrated notes

Levels and vault maps discovered:
D:1:      tarquinn_simple_flora_water_e, layout_rooms, serial_shops, shop,
          nicolae_shop_bloodbath_and_beyond, nicolae_diamond_shop, shop,
          minmay_pentomino_z4

Action                   || total
-------------------------++-------
Melee: Mace              ||    22
 Stab: Sleeping          ||     1
Armor: Robe              ||     1
Dodge: Dodged            ||    12
